Unix NetHack Version 5.0.0-0 post-release - last build Jun 10 2026 00:39:30 (3ee93aec679c4c4259841fe613dc97188e26a321,branch:main).

Game began 2026-06-12 17:25:15, ended 2026-06-12 17:58:24.

Aranth, chaotic female elven Wizard

                                                                 ---
                                                               ---.--
                                                               |.....-
                    --------.                            -------......-   ---
                   --..........                         --.|.|.........-  |..|
                   |...---......*.                     --...............---..--
                   --.-- ---.......                    |......................|
                    |.|    ----.......                 --....................--
                    |.|       --......                  ---...... .^%. ..|.---
                    |.---      ----.^.                    --..--...... |.|--
                    |...----      |.......                 -----......--.|
                    ---....|      #......-                    |..........|
                      ----.|      ---%...-                 ----).....-----
                         |.--       |.....                fooo@..|.
                        --.)##      ----..                ..------
                      -....%.--       --...         ...  ....--
                    .--.).[...|      ##.....`.................----
                    .....*..<.|       --`.^......................|
                    ...--..---          ---^.---....---...|......|
                        ----              |..| ------ |..---.|.---
                                          ----        ---- -----
Aranth the Conjurer       St:11 Dx:13 Co:15 In:20 Wi:9 Ch:10  Chaotic
Dlvl:6  $:99 HP:0(39) Pw:2(58) AC:9  Xp:5 T:2544  Burdened

Latest messages:
 The spell hits the hill orc!
 You kill the hill orc!
 The spell hits the hill orc!
 You kill the hill orc!
 The hill orc throws a crude dagger!
 The hill orc is hit.
 The hill orc throws a crude dagger!
 The hill orc is hit.
 The hill orc throws a crude dagger!
 The hill orc is hit.
 The hill orc wields a curved sword!
 The hill orc throws a crude dagger!
 The hill orc is hit.
 What do you want to zap? [cU or ?*] c
 In what direction? 4
 You kill the hill orc!
 The magic missile hits the hill orc!
 The hill orc wields a curved sword!
 The hill orc picks up a tin.
 In what direction? 4
 The spell hits the hill orc!
 You kill the hill orc!
 The spell hits the hill orc!
 You kill the hill orc!
 The spell misses the hill orc.
 The hill orc picks up a curved sword.
 You hit the hill orc!
 You hit the hill orc.
 You kill the hill orc!
 The hill orc wields a curved sword!
 The hill orc picks up an iron skull cap.
 The hill orc swings her curved sword.
 The hill orc hits!
 You hit the hill orc.
 The hill orc swings her curved sword.
 The hill orc hits!
 You hear some noises in the distance.
 You hear some noises.
 You miss the hill orc.
 The hill orc swings her curved sword.
 The hill orc hits!
 You hear some noises in the distance.
 You hit the hill orc.
 The hill orc swings her curved sword.
 The hill orc hits!
 The hill orc swings her curved sword.
 The hill orc hits!
 You die...
 Do you want your possessions identified? [ynq] (y) y
 Do you want to see your attributes? [ynq] (y) q

Inventory:
 Coins    ('$')
  $ - 99 gold pieces
 Weapons  (')')
  p - 9 cursed +0 elven arrows
  q - 10 +1 darts
  t - 40 +0 darts
  x - a +0 orcish spear
  E - a +0 long sword (weapon in right hand)
  a - a blessed +1 quarterstaff
 Armor    ('[')
  O - an uncursed +0 dwarvish iron helm
  F - an uncursed +0 orcish helm
  L - an uncursed +0 orcish helm
  Q - an uncursed +0 pair of iron shoes
  v - an uncursed +0 cloak of displacement
  D - an uncursed +0 cloak of displacement
  b - an uncursed +0 cloak of magic resistance (being worn)
  P - an uncursed +0 dwarvish mithril-coat
 Comestibles  ('%')
  M - an uncursed cram ration
  Y - 2 uncursed tripe rations
 Scrolls  ('?')
  I - an uncursed scroll of confuse monster
  i - 2 uncursed scrolls of destroy armor
  j - an uncursed scroll of gold detection
  B - an uncursed scroll of scare monster
  R - an uncursed scroll of scare monster
 Spellbooks  ('+')
  J - a cursed spellbook of confuse monster
  k - a blessed spellbook of force bolt
  G - an uncursed spellbook of magic missile
  l - an uncursed spellbook of slow monster
 Potions  ('!')
  g - an uncursed potion of monster detection
  K - an uncursed potion of object detection
  h - an uncursed potion of oil
  H - an uncursed potion of water
 Rings    ('=')
  d - an uncursed ring of searching
  s - an uncursed ring of shock resistance
  e - an uncursed ring of teleport control
 Wands    ('/')
  c - a wand of magic missile (0:1)
  U - a wand of striking (0:7)
 Tools    ('(')
  u - an uncursed sack containing 1 item
  n - an uncursed tooled horn
  C - an uncursed figurine of a troll
  m - a magic marker (0:22)
  o - an uncursed tin opener
  X - an uncursed towel
 Gems/Stones  ('*')
  V - an uncursed jet stone
  y - an uncursed worthless piece of blue glass
  S - an uncursed worthless piece of orange glass
  r - a cursed worthless piece of orange glass
  W - an uncursed worthless piece of red glass
  A - 3 uncursed worthless pieces of yellowish brown glass

Contents of the sack:
  an uncursed fluorite stone

Aranth the Wizard's attributes:

Background:
 You were a Conjurer, a level 5 female elven Wizard.
 You were chaotic, on a mission for Anhur
 who was opposed by Ptah (lawful) and Thoth (neutral).
 You were right-handed.
 You were in the Gnomish Mines, on level 6.
 You entered the dungeon 2544 turns ago.
 You had 288 experience points, 32 more were needed to attain level 6.

Basics:
 You had 0 out of 39 hit points.
 You had 2 out of 58 energy points (spell power).
 Your armor class was 9.
 Your wallet contained 99 zorkmids.
 Autopickup was off.

Final Characteristics:
 Your strength was 11 (limit:18).
 Your dexterity was 13 (limit:18).
 Your constitution was 15 (limit:16).
 Your intelligence was 20 (limit:20).
 Your wisdom was 9 (limit:20).
 Your charisma was 10 (limit:18).

Final Status:
 You weren't hungry.
 You were burdened; movement was slightly slowed.
 You were wielding a long sword.
 You had no skill with long sword.

Final Attributes:
 You were piously aligned.
 You were magic-protected.
 You were sleep resistant.
 You had infravision.
 You were warded.
 You are dead.

Miscellaneous:
 You didn't encounter any bones levels.
 Total elapsed playing time was 33 minutes and 7 seconds.

Major events:
 Turn
    1: Aranth the chaotic female elven Wizard entered the dungeon
 1454: entered the Gnomish Mines
 1479: attained the rank of Conjurer (level 3)
 2544: killed by a hill orc

Spells:
 Name                 Level Category     Fail Retention
 force bolt             1   attack         0%   81%-90%
 slow monster           2   enchantment    0%   81%-90%
 magic missile          2   attack         0%  91%-100%

Skills:
 Fighting Skills
   bare handed combat [Unskilled]
   riding             [Unskilled]
 Weapon Skills
   dagger             [Unskilled]
   knife              [Unskilled]
   axe                [Unskilled]
   short sword        [Unskilled]
   club               [Unskilled]
   mace               [Unskilled]
   quarterstaff       [Basic]
   polearms           [Unskilled]
   spear              [Unskilled]
   trident            [Unskilled]
   sling              [Unskilled]
   dart               [Unskilled]
   shuriken           [Unskilled]
 Spellcasting Skills
   attack spells      [Basic]
   healing spells     [Unskilled]
   divination spells  [Unskilled]
   enchantment spells [Basic]
   clerical spells    [Unskilled]
   escape spells      [Unskilled]
   matter spells      [Unskilled]

Voluntary challenges:
 Character rerolling was not enabled.
 You never genocided any monsters.
 You never polymorphed an object.
 You never changed form.
 You used no wishes.
Achievements:
 You entered a shop.
 You entered the Gnomish Mines.
 You attained the rank of Conjurer.

 The Dungeons of Doom: levels 1 to 4
    Level 1:
    Level 2:
       A general store, a fountain, a grave.
    Level 3:
       A grave.
    Level 4:
       Stairs down to The Gnomish Mines.
 The Gnomish Mines: levels 5 to 6
    Level 5:
    Level 6: <- You were here.
       Final resting place for
          you, killed by a hill orc.


Vanquished creatures:
  a gnome ruler
 an imp
  a rock piercer
  3 gnome leaders
  a gnomish wizard
  2 elf zombies
  4 dwarves
  6 hill orcs
  a rothe
  a monkey
 an orc zombie
  2 coyotes
  a hobgoblin
  2 cave spiders
  a yellow mold
  a red mold
 20 gnomes
  a gecko
  3 jackals
  a fox
  2 kobolds
  2 goblins
  5 sewer rats
  5 grid bugs
  a lichen
  a kobold zombie
  3 newts
73 creatures vanquished.

No species were genocided or became extinct.

Game over:
                       ----------
                      /          \
                     /    REST    \
                    /      IN      \
                   /     PEACE      \
                  /                  \
                  |      Aranth      |
                  |      99 Au       |
                  | killed by a hill |
                  |       orc        |
                  |                  |
                  |                  |
                  |       2026       |
                 *|     *  *  *      | *
        _________)/\\_//(\/(/\)/\//\/|_)_______

Goodbye Aranth the Wizard...

You died in The Gnomish Mines on dungeon level 6 with 1492 points,
and 99 pieces of gold, after 2544 moves.
You were level 5 with a maximum of 39 hit points when you died.

